 Dungeon Crawl Stone Soup version 0.18-a0-1197-g8004e50 (webtiles) character file.

2 Duffy the Ruffian (level 1, -6/16 HPs)
             Began as a Draconian Transmuter on Jan 30, 2016.
             Mangled by Natasha (7 damage)
             ... on level 2 of the Dungeon.
             The game lasted 00:00:13 (135 turns).

Duffy the Ruffian (Draconian Transmuter)             Turns: 135, Time: 00:00:13

Health: -6/16      AC:  4    Str: 12    XL:     1   Next: 33%
Magic:  3/3        EV: 12    Int: 13    God:
Gold:   0          SH:  0    Dex: 11    Spells: 1 memorised, 3 levels left

rFire  . . .     SeeInvis .       - Unarmed
rCold  . . .     Gourm    .     (armour unavailable)
rNeg   . . .     Faith    .     (no shield)
rPois  .         Spirit   .     (helmet restricted)
rElec  .         Dismiss  .     (no cloak)
rCorr  .         Reflect  .     (no gloves)
SustAt .         Harm     .     (no boots)
MR     .....                    (no amulet)
Stlth  +.........               (no ring)
                                (no ring)

@: not resistant to hostile enchantments, very unstealthy
A: unfitting armour, cold-blooded, AC +4
a: no special abilities


You were on level 2 of the Dungeon.
You were not hungry.

You visited 1 branch of the dungeon, and saw 2 of its levels.


Innate Abilities, Weirdness & Mutations

Your plain brown scales are hard (AC +4).
Your body does not fit into most forms of armour.
You are cold-blooded and may be slowed by cold attacks.


   Skills:
 - Level 1.1 Fighting
 - Level 1.7 Dodging
 + Level 3.2 Unarmed Combat
 - Level 2.0 Spellcasting
 - Level 2.0 Transmutations


You had 3 spell levels left.
You knew the following spells:

 Your Spells              Type           Power        Failure   Level  Hunger
a - Beastly Appendage     Trmt           #.....       12%         1    ##.....

Inventory:

Missiles
 a - 12 arrows
Books
 b - a book of Changes
Comestibles
 c - a bread ration

Dungeon Overview and Level Annotations

Branches:
Dungeon (2/15)

Altars:

Annotations:
D:2 Natasha


Message History

You are too injured to fight recklessly!
You are too injured to fight recklessly!
You are too injured to fight recklessly!
You are too injured to fight recklessly!
You are too injured to fight recklessly!
You are too injured to fight recklessly!
You are too injured to fight recklessly!
You are too injured to fight recklessly!
You are too injured to fight recklessly!
You are too injured to fight recklessly!
You are too injured to fight recklessly!
You are too injured to fight recklessly!
You are too injured to fight recklessly!
You are too injured to fight recklessly!
You are too injured to fight recklessly!
You are too injured to fight recklessly!
You are too injured to fight recklessly!
You are too injured to fight recklessly!
You barely miss Natasha. The rat bites you but does no damage.
Natasha misses you.
You miss Natasha. The rat bites you.
Natasha howls an incantation.
Natasha glows brightly for a moment.
Natasha claws you.
You hit Natasha but do no damage. The rat bites you. Natasha barely misses you.
You hit Natasha.
Natasha is lightly wounded.
The rat closely misses you. Natasha closely misses you.
You hit Natasha but do no damage.
Your tail-slap misses Natasha.
Natasha is lightly wounded.
The rat misses you. Natasha misses you.
You closely miss Natasha.
Natasha is lightly wounded.
The rat closely misses you. Natasha claws you!
You die...

### #.. #######.#
#.....#.#####.#
##PP.P..hr.......
#.77 ..##@##.##
#...77.#......#.
#..PP.#..!.(....
#.PP........##.
##....>..##!#
#<[..#.#.# .#
...........#.#.#
#
#######....#....
....#.#.....


You could see Natasha and a rat.

Action                   || total
-------------------------++-------
Melee: Unarmed           ||    21

Notes
Turn   | Place    | Note
--------------------------------------------------------------
     0 | D:1      | Duffy the Draconian Transmuter began the quest for the Orb.
     0 | D:1      | Reached XP level 1. HP: 16/16 MP: 3/3
   124 | D:2      | Noticed Natasha
   135 | D:2      | Mangled by Natasha

Vault maps used:
D:1:      dpeg_arrival_tiny_a, grunt_decor_arrowhead
D:2:      zin_purify, gammafunk_temple_overflow_pools, first_bread,
          serial_forest, infiniplex_forest_clump_small,
          infiniplex_forest_zigzag_1, infiniplex_forest_lined_corner,
          infiniplex_forest_lined_3, infiniplex_forest_end_3,
          infiniplex_forest_zigzag_2, infiniplex_forest_clump_medium,
          uniq_natasha

Vanquished Creatures
  A bat
  2 giant newts
  A rat
4 creatures vanquished.
